 Dungeon Crawl Stone Soup version 0.22.0-75-g3901e79 (webtiles) character file.

36 troglodite the Magician (level 3, 0/21 HPs)
             Began as an Octopode Wizard on Sept 14, 2018.
             Slain by a gnoll
             ... wielding a +0 spear
              (11 damage)
             ... on level 2 of the Dungeon.
             The game lasted 00:08:12 (1834 turns).

troglodite the Magician (Octopode Wizard)           Turns: 1834, Time: 00:08:12

Health: 0/21       AC:  1    Str:  7    XL:     3   Next: 37%
Magic:  2/7        EV: 13    Int: 20    God:
Gold:   55         SH:  0    Dex: 10    Spells: 2/8 levels left

rFire    . . .     SeeInvis .   e - +4 dagger
rCold    . . .     Gourm    .   (no shield)
rNeg     . . .     Faith    .   a - +0 hat
rPois    .         Spirit   .   (no amulet)
rElec    .         Reflect  .   (no ring)
rCorr    .         Harm     .   (no ring)
MR       .....                  (no ring)
Stlth    +++.......             (no ring)
HPRegen  0.07/turn              (no ring)
MPRegen  0.10/turn              (no ring)
                                (no ring)
                                (no ring)

@: very slightly contaminated
A: almost no armour, stealthy swim, amphibious, 8 rings, constrict 8, camouflage
1, gelatinous body 1
a: no special abilities


You were on level 2 of the Dungeon.
You were hungry.

You visited 1 branch of the dungeon, and saw 2 of its levels.

You collected 55 gold pieces.

Inventory:

Hand Weapons
 e - a +4 dagger (weapon)
 l - a +1 dagger of flaming
Armour
 a - a +0 hat (worn)
Scrolls
 f - a scroll of identify
 g - a scroll of noise {unknown}
 i - a scroll of immolation {unknown}
 k - a scroll of remove curse {unknown}
Potions
 d - a potion of curing
 h - a potion of lignification
 j - a potion of heal wounds
Comestibles
 c - 5 rations


   Skills:
 * Level 2.6 Dodging
 * Level 3.2 Stealth
 - Level 0.1 Unarmed Combat
 * Level 3.4 Spellcasting
 * Level 1.1 Conjurations
 * Level 1.0 Summonings
   Level 1.0 Translocations
 * Level 0.2 Fire Magic


You had 2 spell levels left.
You knew the following spells:

 Your Spells              Type           Power        Failure   Level  Hunger
a - Magic Dart            Conj           #...         9%          1    None
b - Call Imp              Summ           #.......     14%         2    ##.....
c - Conjure Flame         Conj/Fire      #.......     30%         3    ###....

Your spell library contained the following spells:

 Spells                   Type           Power        Failure   Level  Hunger
 Blink                    Tloc           N/A          14%         2    ##.....
 Slow                     Hex            #.......     21%         2    ##.....
 Mephitic Cloud           Conj/Pois/Air  #.......     34%         3    ###....


Dungeon Overview and Level Annotations

Branches:
Dungeon (2/15)

Altars:


Innate Abilities, Weirdness & Mutations

You cannot wear most types of armour.
You are very stealthy in the water. (Stealth+)
You are amphibious.
You can wear up to eight rings at the same time.
You can use your tentacles to constrict eight enemies at once.
Your skin changes colour to match your surroundings (Stealth+).
Your rubbery body absorbs attacks. (AC +1, EV +1)


Message History

Aiming: Magic Dart (safe; 9% risk of failure)
Press: ? - help, Shift-Dir - straight line, f/p - gnoll
Aim: a gnoll, wielding a spear (heavily wounded)
The magic dart hits the gnoll.
The gnoll is heavily wounded.
The bat hits you.
The gnoll hits you from afar with a spear!
Casting: Magic Dart (safe; 9% risk of failure)
Confirm with . or Enter, or press ? or * to list all spells.
Aiming: Magic Dart (safe; 9% risk of failure)
Press: ? - help, Shift-Dir - straight line, f/p - gnoll
Aim: a gnoll, wielding a spear (heavily wounded)
You miscast Magic Dart.
You are very lightly contaminated with residual magic.
The air around you crackles with energy!
The bat closely misses you. The gnoll closely misses you. The bat hits you.
You miss the bat. Your grab misses the bat. The bat completely misses you.
The gnoll hits you from afar with a spear!
Ouch! That really hurt!
You die...

....##.........#
....##.........#
###............####
...............#
..............#
.........)...#
.........g...#
.............#
..######...@b# ..
#.....# #.....#
####...$ #......
#....... #.......
#.......


You could see a gnoll and a bat.

Vanquished Creatures
  2 oozes (D:1)
  A leopard gecko (D:1)
  2 giant cockroaches (D:1)
  6 goblins
  2 hobgoblins
  4 kobolds (D:1)
  2 bats
  3 frilled lizards
  4 rats
26 creatures vanquished.

Notes
Turn   | Place    | Note
-------+----------+-------------------------------------------
     0 | D:1      | troglodite the Octopode Wizard began the quest for the Orb.
     0 | D:1      | Reached XP level 1. HP: 11/11 MP: 4/4
   442 | D:1      | Reached XP level 2. HP: 17/17 MP: 6/6
   449 | D:1      | Learned a level 2 spell: Call Imp
  1092 | D:1      | Reached XP level 3. HP: 18/21 MP: 7/7
  1192 | D:1      | Learned a level 3 spell: Conjure Flame
  1834 | D:2      | Slain by a gnoll

Skill      XL: |  1  2 |
---------------+-------+-----
Stealth        | 3 |  3.2
Dodging        | |  2.6
Unarmed Combat | |  0.1
Spellcasting   | |  3.4
Conjurations   | |  1.1
Summonings     | |  1.0
Translocations | |  1.0
Fire Magic     | |  0.2

Action                   || total
-------------------------++-------
Melee: Unarmed           ||    13
       Constrict         ||     5
       Tentacles         ||     3
       Dagger            ||    20
 Cast: Magic Dart        ||    27
  Use: Scroll            ||     3
 Stab: Sleeping          ||     5
  Eat: Chunk             ||     2
Dodge: Dodged            ||    17
